 Dungeon Crawl Stone Soup version 0.30.1-11-g7821555f0a (webtiles) character file.

Game seed: 11401214987108812601

75 Chiseanne the Poker (level 4, 23/33 HPs)
             Began as a Demonspawn Wanderer on Nov 24, 2023.
             Quit the game on level 2 of the Dungeon.
             The game lasted 00:03:19 (1090 turns).

Chiseanne the Poker (Demonspawn Wanderer)           Turns: 1090, Time: 00:03:20

Health: 23/33      AC:  6    Str: 12    XL:     4   Next: 11%
Magic:  5/5        EV: 11    Int: 14    God:
Gold:   59         SH:  0    Dex: 20    Spells: 4/5 levels left

rFire   . . .        a - +2 short sword (speed)
rCold   . . .        (no shield)
rNeg    . . .        b - +0 ring mail
rPois   .            d - +0 helmet
rElec   .            (no cloak)
rCorr   .            (no gloves)
SInv    .            (no boots)
Will    .....        f - amulet of the acrobat
Stlth   +            m - +6 ring of dexterity
HPRegen 0.25/turn    (no ring)
MPRegen 0.09/turn

%: acrobat
@: mildly poisoned (23 -> 21)
A: claws 1, demonic guardian 1, demonic magic 1
a: no special abilities


You were on level 2 of the Dungeon.
You visited 1 branch of the dungeon, and saw 2 of its levels.

You collected 59 gold pieces.

Inventory:

Hand Weapons
 a - a +2 short sword of speed (weapon)
 j - a +2 spear
Missiles
 e - 3 boomerangs
 g - 7 stones
Armour
 b - a +0 ring mail (worn)
 d - a +0 helmet (worn)
Jewellery
 f - an amulet of the acrobat (around neck)
 m - a +6 ring of dexterity (left claw)
Potions
 c - 2 potions of heal wounds
 h - a potion of ambrosia
 i - a potion of berserk rage {unknown}
 k - a potion of resistance


   Skills:
 * Level 2.3 Fighting
 - Level 3.6 Polearms
 * Level 2.2 Armour
 * Level 1.8 Dodging
 - Level 1.0 Stealth
 - Level 1.0 Spellcasting
 - Level 2.1 Necromancy


You had 4 spell levels left.
You knew the following spells:

 Your Spells              Type           Power      Damage    Failure   Level
a - Kiss of Death         Conj/Necr      12%        2d6       36%         1

Your spell library contained the following spells:

 Spells                   Type           Power      Damage    Failure   Level
 Vampiric Draining        Necr           6%         2d6       56%         3


Dungeon Overview and Level Annotations

Branches:
Dungeon (2/15)

Altars:


Innate Abilities, Weirdness & Mutations

You have sharp fingernails.
A weak demonic guardian rushes to your aid.
Spells you cast may paralyse adjacent enemies.


Message History

i - a smoky purple potion An adder comes into view.
Found 5 javelins.
Found 4 gold pieces.
Found a scroll labelled SIDEME KIXY.
The adder hisses angrily.
The adder closely misses you.
You barely miss the adder. The adder bites you.
You hit the adder. You punch the adder, but do no damage.
The adder is moderately wounded.
The adder barely misses you.
You hit the adder.
The adder is heavily wounded.
The adder bites you.
A demonic guardian appears!
You are poisoned.
The adder poisons you!
You miss the adder.
The adder is heavily wounded.
You feel sick. The adder bites you but does no damage.
You hit the adder.
The adder is severely wounded.
You feel sick. The adder bites you.
You barely miss the adder.
The adder is severely wounded.
You feel sick.
You hit the adder but do no damage.
The adder is severely wounded.
The adder bites you but does no damage.
Your quasit completely misses the adder.
Your quasit claws the adder but does no damage.
Your quasit misses the adder. You hit the adder.
You kill the adder!
You feel sick.
You have reached level 4!
You feel agile.
You feel monstrous as your demonic heritage exerts itself.
Your demonic ancestry asserts itself...
Your fingernails lengthen.
Are you sure you want to abandon this character and quit the game? (Confirm with "yes".)

#.......###.#########
....⌠.....##..........
..............#######.
##.....##.###.#
#...... ### #.#
....... #.# .......
#.#######.## ...#≈#.
#...5.(...?. ..≈_
#...@†....#
#.######### #.# #.#
#.# ..# $.


You could see a friendly quasit (summoned).

Vanquished Creatures
  Robin (D:2)
  An adder (D:2)
  5 orcs (D:2)
  2 endoplasms (D:1)
  A giant cockroach (D:1)
  11 goblins
  4 hobgoblins
  5 kobolds
  A quokka (D:2)
  4 ball pythons (D:1)
  3 bats (D:1)
  4 frilled lizards
  6 rats
48 creatures vanquished.

Notes
Turn   | Place    | Note
-------+----------+-------------------------------------------
     0 | D:1      | Chiseanne the Demonspawn Wanderer began the quest for the
                  | Orb.
     0 | D:1      | Chiseanne set off with the following items: a +2 spear, a
                  | +0 ring mail, a potion of heal wounds; and the following
                  | spell memorised: Kiss of Death; and the following spells
                  | available to memorise: Vampiric Draining.
     0 | D:1      | Reached XP level 1. HP: 15/15 MP: 2/2
   135 | D:1      | Gained mutation: Spells you cast may paralyse adjacent
                  | enemies. [demonic ancestry]
   135 | D:1      | Reached XP level 2. HP: 21/21 MP: 3/3
   319 | D:1      | Reached skill level 1 in Dodging
   697 | D:2      | Gained mutation: A weak demonic guardian rushes to your
                  | aid. [demonic ancestry]
   697 | D:2      | Reached XP level 3. HP: 24/27 MP: 4/4
   700 | D:2      | Noticed Robin
   769 | D:2      | Killed Robin
  1090 | D:2      | Discovered your monstrous ancestry.
  1090 | D:2      | Gained mutation: You have sharp fingernails. [demonic
                  | ancestry]
  1090 | D:2      | Reached XP level 4. HP: 23/33 MP: 5/5
  1090 | D:2      | Quit the game

Illustrated notes

Levels and vault maps discovered:
D:1:      denvon_arrival_planthouse, layout_loops_ring
D:2:      layout_loops_ring, hellmonk_ecumenical_altar_defaced_shrine,
          hangedman_decor_growths, uniq_robin

Skill      XL: |  1  2  3 |
---------------+----------+-----
Dodging        | 1 |  1.8
Fighting       | 2 |  2.3
Armour         | 2 |  2.2
Polearms       | |  3.6
Stealth        | |  1.0
Spellcasting   | |  1.0
Necromancy     | |  2.1

Action                     |  1- 3 |  4- 6 || total
---------------------------+-------+-------++-------
  Melee: Spear             |    29 |       ||    29
         Short sword       |   116 |       ||   116
         Punch             |     1 |       ||     1
    Use: Scroll            |     5 |       ||     5
 Armour: Ring mail         |    30 |       ||    30
  Dodge: Dodged            |    51 |       ||    51
